 Dungeon Crawl Stone Soup version 0.30.0-29-ga12c61a403 (webtiles) character file.

Game seed: 4829441352422214597

182 seaoflcl the Trooper (level 5, -1/47 HPs)
             Began as a Minotaur Fighter on June 10, 2023.
             Slain by a gnoll
             ... wielding a +0 spear
             ... led by a gnoll bouda
              (6 damage)
             ... on level 4 of the Dungeon.
             The game lasted 00:02:50 (2908 turns).

seaoflcl the Trooper (Minotaur Fighter)             Turns: 2908, Time: 00:02:51

Health: -1/47      AC:  9    Str: 22    XL:     5   Next: 34%
Magic:  4/4        EV:  8    Int:  5    God:
Gold:   174        SH:  4    Dex: 10    Spells: 4/4 levels left

rFire   . . .        a - +0 war axe
rCold   . . .        c - +0 buckler
rNeg    . . .        q - +0 chain mail
rPois   .            (helmet restricted)
rElec   .            (no cloak)
rCorr   .            (no gloves)
SInv    +            (no boots)
Will    .....        (no amulet) Stlth
                     n - ring of see invisible
HPRegen 0.27/turn    (no ring)
MPRegen 0.09/turn

%: no passive effects
@: no status effects
A: horns 2, retaliatory headbutt
a: no special abilities


You were on level 4 of the Dungeon.
You visited 1 branch of the dungeon, and saw 4 of its levels.

You collected 174 gold pieces.

Inventory:

Hand Weapons
 a - a +0 war axe (weapon)
Missiles
 m - 5 boomerangs (quivered)
Armour
 c - a +0 buckler (worn)
 q - a +0 chain mail (worn)
Jewellery
 k - a +6 ring of intelligence
 n - a ring of see invisible (left hand)
Scrolls
 f - a scroll of vulnerability {unknown}
 h - a scroll of immolation {unknown}
 j - 2 scrolls of identify {unknown}
 l - a scroll of noise {unknown}
 o - a scroll of fear {unknown}
Potions
 d - 2 potions of might
 e - 3 potions of heal wounds {unknown}
 g - 4 potions of curing {unknown}
 i - 3 potions of magic {unknown}
 p - a potion of berserk rage {unknown}


   Skills:
 + Level 4.5 Fighting
 * Level 4.5 Axes
 + Level 0.6 Throwing
 + Level 4.5 Armour
 + Level 4.5 Shields


You had 4 spell levels left.
You didn't know any spells.
Your spell library contained the following spells:

 Spells                   Type           Power      Damage    Failure   Level
 Frozen Ramparts          Ice            0%         1d1       100%        3
 Ice Form                 Ice/Tmut       0%         N/A       100%        4
 Summon Ice Beast         Ice/Summ       0%         N/A       100%        4


Dungeon Overview and Level Annotations

Branches:
Dungeon (4/15)
 Temple: D:4-7

Altars:
Fedhas
Nemelex Xobeh
Zin

Annotations:
D:3 1 runed translucent door, Crazy Yiuf


Innate Abilities, Weirdness & Mutations

You have a pair of horns on your head.
You reflexively headbutt those who attack you in melee.


Message History

The gnoll bouda is healed somewhat.
The gnoll hits you but does no damage. You block the gnoll's attack.
You closely miss the gnoll bouda.
The gnoll bouda is heavily wounded.
The gnoll is no longer moving quickly.
The gnoll bouda closely misses you.
The gnoll hits you from afar with a +0 spear.
The gnoll barely misses you. You block the gnoll bouda's attack.
You hit the gnoll bouda but do no damage.
You headbutt the gnoll bouda!
You kill the gnoll bouda!
The gnoll is no longer moving quickly.
The gnoll hits you from afar with a +0 spear.
The gnoll barely misses you.
The gnoll hits you from afar with a +0 spear.
The gnoll barely misses you.
Things that are here:
a +0 club; a +0 robe You barely miss the gnoll.
You block the gnoll's attack. The gnoll hits you with a +0 spear.
The gnoll hits you from afar with a +0 spear.
The gnoll hits you with a +0 spear.
* * * LOW HITPOINT WARNING * * *
You hit the gnoll.
The gnoll is moderately wounded.
You block the gnoll's attack. The gnoll hits you but does no damage.
You closely miss the gnoll. You headbutt the gnoll!
The gnoll is almost dead.
The gnoll hits you but does no damage. The gnoll hits you with a +0 spear.
* * * LOW HITPOINT WARNING * * *
You closely miss the gnoll. You headbutt the gnoll.
You kill the gnoll!
The gnoll hits you from afar with a +0 spear.
* * * LOW HITPOINT WARNING * * *
The gnoll closely misses you. You block the gnoll's attack.
You closely miss the gnoll. The gnoll hits you but does no damage.
You barely miss the gnoll.
You headbutt the gnoll, but do no damage.
The gnoll hits you with a +0 spear.
You die...

...##............#
....#....##......##.
......<..##........
.........#.......#
.................### #
.................#.##.##
...#....................
...##.....##..).....##
...............)@..##
........#....###)g.#
.....#..#.....##..##
.....#........#....#
.##......#....##..... .
..##...#........<.## ...
##..$......# #.. ..##..
..## ...


You could see a gnoll.

Vanquished Creatures
  A gnoll bouda (D:4)
  An orc priest (D:3)
  An adder (D:2)
  3 gnolls
  A worm (D:2)
  8 orcs (D:3)
  7 endoplasms
  4 giant cockroaches
  5 goblins
  4 hobgoblins
  4 jackals (D:1)
  3 quokkas
  3 ball pythons
  4 bats
  10 frilled lizards
  12 kobolds
  4 rats
75 creatures vanquished.

Notes
Turn   | Place    | Note
-------+----------+-------------------------------------------
     0 | D:1      | seaoflcl the Minotaur Fighter began the quest for the Orb.
     0 | D:1      | Reached XP level 1. HP: 19/19 MP: 0/0
   100 | D:1      | Reached XP level 2. HP: 26/27 MP: 1/1
   314 | D:1      | Reached XP level 3. HP: 8/33 MP: 2/2
   417 | D:1      | Found a faded altar of an unknown god.
  1136 | D:2      | Reached XP level 4. HP: 40/40 MP: 3/3
  1403 | D:2      | Found a glowing silver altar of Zin.
  1715 | D:3      | Found a blossoming altar of Fedhas.
  2415 | D:3      | Found a runed translucent door.
  2416 | D:3      | Noticed Crazy Yiuf
  2624 | D:3      | Found a faded altar of an unknown god.
  2629 | D:3      | Found a sparkling altar of Nemelex Xobeh.
  2897 | D:4      | Reached XP level 5. HP: 31/47 MP: 4/4
  2908 | D:4      | Slain by a gnoll

Illustrated notes

Levels and vault maps discovered:
D:1:      saegor_arrival_simple_a, layout_basic, basic_ecumenical_altar
D:2:      layout_basic, basic_altar, dreamdust_wishing_well, chequers_arboretum,
          grunt_decor_resistance, chequers_serial_rivers_micro_c,
          lexackson_kobold_supper
D:3:      layout_rooms, mainiacjoe_overflow_alcove_1,
          nicolae_overflow_ecumenical_swirl, hex_intersection,
          eino_tiny_chamber, uniq_crazy_yiuf_cottage
D:4:      layout_cave_pools, kennysheep_okawaru_gauntlet,
          nicolae_uskayaw_en_pointe, nicolae_qazlal_scattered_showers,
          minmay_hedge_maze, hangedman_decor_riveting

Skill      XL: |  1  2  3  4 |
---------------+-------------+-----
Axes           | 3 4 |  4.5
Fighting       | 4 |  4.5
Armour         | 4 |  4.5
Shields        | 4 |  4.5
Throwing       | |  0.6

Action                     |  1- 3 |  4- 6 || total
---------------------------+-------+-------++-------
  Melee: War axe           |    78 |    70 ||   148
         Headbutt          |    12 |    12 ||    24
 Armour: Scale mail        |    35 |    26 ||    61
         Chain mail        |       |    10 ||    10
  Dodge: Dodged            |    35 |    30 ||    65
  Block: Buckler           |    22 |    18 ||    40
